 Dungeon Crawl Stone Soup version 0.19.4-10-g532645f (webtiles) character file.

30 Kosschaser the Skirmisher (level 3, -11/29 HPs)
             Began as a Demonspawn Chaos Knight on Feb 24, 2017.
             Mangled by an ogre
             ... wielding a +0 giant spiked club
              (15 damage)
             ... on level 4 of the Dungeon.
             The game lasted 00:04:15 (1095 turns).

Kosschaser the Skirmisher (Demonspawn Chaos Knight) Turns: 1095, Time: 00:04:15

Health: -11/29     AC:  5    Str: 17    XL:     3   Next: 3%
Magic:  3/3        EV: 11    Int: 13    God:    Xom [......]
Gold:   65         SH:  0    Dex: 12    Spells: 0 memorised, 2 levels left

rFire  . . .     SeeInvis .     a - +1 falchion (chaos)
rCold  . . .     Gourm    .     b - +2 leather armour
rNeg   . . .     Faith    .     (no shield)
rPois  .         Spirit   .     (no helmet)
rElec  .         Reflect  .     (no cloak)
rCorr  .         Harm     .     (no gloves)
MR     .....     Rnd*Tele +     (no boots)
Stlth  +.........               (no amulet)
                                i - +4 ring of strength
                                f - ring of teleportation (curse)

@: no status effects
A: claws 1, hooves 1
a: Renounce Religion


You were on level 4 of the Dungeon.
You worshipped Xom.
You were a very special plaything of Xom.
You were not hungry.

You visited 1 branch of the dungeon, and saw 3 of its levels.

You collected 65 gold pieces.

Inventory:

Hand Weapons
 a - a +1 falchion of chaos (weapon)
Armour
 b - a +2 leather armour (worn)
Jewellery
 f - a cursed ring of teleportation (left claw)
 i - a +4 ring of strength (right claw)
Scrolls
 d - a scroll of teleportation {unknown}
 e - a scroll of fear {unknown}
 h - 2 scrolls of amnesia {unknown}
 j - 2 scrolls of identify {unknown}
 k - 2 scrolls of remove curse {unknown}
 l - a scroll of enchant weapon
 n - a scroll of immolation {unknown}
Comestibles
 c - 3 bread rations
 g - 3 fruits
 m - a meat ration


   Skills:
 + Level 3.4 Fighting
 + Level 3.3 Long Blades
 + Level 2.0 Armour
 + Level 1.0 Dodging


You had 2 spell levels left.
You didn't know any spells.

Dungeon Overview and Level Annotations

Branches:
Dungeon (2/15)

Altars:


Innate Abilities, Weirdness & Mutations

You have sharp fingernails.
You have large cloven feet.


Message History

You bump into the rock wall.
You bump into the rock wall.
You're too confused to move!
You bump into the rock wall.
You closely miss the ogre. You kick the ogre, but do no damage.
You feel less confused. The ogre barely misses you.
You hit the ogre but do no damage. You kick the ogre, but do no damage.
The ogre misses you.
You hit the ogre but do no damage.
The ogre glows dark marigold for a moment.
The ogre hits you with a giant spiked club!!
Ouch! That really hurt!
* * * LOW HITPOINT WARNING * * *
You hear a shout!
You hit the ogre but do no damage. Your kick misses the ogre.
The ogre hits you with a giant spiked club!
Ouch! That really hurt!
You die...
Xom laughs nastily!

.# #.# #.#
#.# #.# #.#
#########.#
.......@..#
#....o##O.#
+.... #..#
#... #..#
... #... #.
#.... .
#.....
#......
#.....


You could see an ogre and an orc.

Vanquished Creatures
  A worm (D:2)
  A dart slug (D:1)
  A ball python (D:1)
  2 bats
  A goblin (D:2)
  5 hobgoblins
  2 jackals (D:2)
  3 frilled lizards
  4 kobolds
  4 rats (D:1)
24 creatures vanquished.

Notes
Turn   | Place    | Note
-------+----------+-------------------------------------------
     0 | D:1      | Kosschaser the Demonspawn Chaos Knight began the quest for the Orb.
     0 | D:1      | Reached XP level 1. HP: 18/18 MP: 1/1
   137 | D:1      | XOM: butterfly on damage
   139 | D:1      | Gained mutation: You have sharp fingernails. [demonic ancestry]
   139 | D:1      | Reached XP level 2. HP: 11/24 MP: 2/2
   323 | D:1      | XOM: divination: magic mapping
  1065 | D:2      | Gained mutation: You have large cloven feet. [demonic ancestry]
  1065 | D:2      | Reached XP level 3. HP: 29/29 MP: 3/3
  1067 | D:2      | Reached skill level 1 in Dodging
  1085 | D:2      | You fall through a shaft for 2 floors!
  1085 | D:4      | Noticed an ogre
  1085 | D:4      | XOM: confusion
  1095 | D:4      | Mangled by an ogre

Skill      XL: |  1  2  3 |
---------------+----------+-----
Long Blades    | 3 |  3.3
Armour         | 2 |  2.0
Dodging        | 1 |  1.0
Fighting       | |  3.4

Action                   || total
-------------------------++-------
Melee: Falchion          ||    63
       Kick              ||     2
  Use: Scroll            ||     3
 Stab: Petrifying        ||     1
  Eat: Chunk             ||     1
Armor: Leather armour    ||    24
Dodge: Dodged            ||    54
       Rpst.: Falchion   ||    19
